 Dungeon Crawl Stone Soup version 0.31-a0-971-g75a2e9a4b4 (webtiles) character file.

Game seed: 2896294537542017584

33568 MacCMillion the Fighter (level 13, -5/98 HPs)
             Began as an Octopode Shapeshifter on Oct 28, 2023.
             Was an Initiate of Gozag.
             Slain by Snorg (21 damage)
             ... on level 4 of the Lair of Beasts.
             The game lasted 00:49:52 (30640 turns).

MacCMillion the Fighter (Octopode Shapeshifter)    Turns: 30640, Time: 00:49:53

Health: -5/98      AC:  1    Str: 16    XL:     13   Next: 71%
Magic:  22/22      EV: 17    Int: 13    God:    Gozag
Gold:   1284       SH:  0    Dex: 13    Spells: 12/12 levels left

rFire   . .          .
                       - Unarmed
rCold   . . .        (shield currently unavailable)
rNeg    + . .        (helmet restricted)
rPois   +            D - amulet of the acrobat
rElec   .            j - ring of flight
rCorr   .            u - ring of positive energy
SInv    .            L - ring of poison resistance
Will    .....        P - ring of magical power
Stlth   +++          (no ring)
HPRegen 0.36/turn    (no ring)
MPRegen 0.18/turn    (no ring)
                     (no ring)

%: acrobat
@: blade tentacles, flying
A: almost no armour, amphibious, 8 rings, camouflage 1, gelatinous body 1,
(nimble swimmer 1), tentacles
a: Begin Untransformation, Renounce Religion, Potion Petition, Call Merchant,
Bribe Branch


You were on level 4 of the Lair of Beasts.
You worshipped Gozag.
Gozag was most pleased with you.
You had blades for main tentacles.
You visited 3 branches of the dungeon, and saw 17 of its levels.
You also visited: Bailey.

You collected 4393 gold pieces.
You spent 522 gold pieces at shops.
You paid 2587 gold pieces to Gozag.

Inventory:

Missiles
 w - 11 curare-tipped darts
 y - 3 atropa-tipped darts
 C - 24 poisoned darts (quivered)
 J - 4 datura-tipped darts
Jewellery
 j - a ring of flight (left blade tentacle)
 m - a ring of fire
 u - a ring of positive energy (right blade tentacle)
 D - an amulet of the acrobat (around mantle)
 L - a ring of poison resistance (on tentacle)
 P - a ring of magical power (on tentacle)
Talismans
 b - a beast talisman
 c - a flux talisman
 B - a serpent talisman
 O - a maw talisman
 Q - the blade talisman "Gudojox" (active) {rPois}
   (You found it on level 1 of the Lair of Beasts)

   [blade talisman]

   rPois:     It protects you from poison
Wands
 x - a wand of flame (16)
 G - a wand of polymorph (8)
 K - a wand of mindburst (2)
 V - a wand of charming (3)
Scrolls
 e - a scroll of enchant weapon {unknown}
 f - 2 scrolls of brand weapon {unknown}
 g - 2 scrolls of vulnerability {unknown}
 h - 2 scrolls of revelation
 k - 3 scrolls of noise {unknown}
 n - 2 scrolls of poison
 o - a scroll of immolation {unknown}
 p - 2 scrolls of teleportation
 r - 3 scrolls of blinking
 t - 2 scrolls of amnesia {unknown}
 E - 2 scrolls of enchant armour
 H - a scroll of fear {unknown}
 I - 2 scrolls of fog {unknown}
 M - a scroll of silence {unknown}
 U - a scroll of identify
 W - a scroll of summoning {unknown}
Potions
 a - 2 potions of lignification
 d - 6 potions of mutation
 i - 2 potions of attraction
 l - 4 potions of brilliance
 q - a potion of degeneration
 s - a potion of berserk rage
 v - 4 potions of curing
 z - 2 potions of might {unknown}
 A - a potion of cancellation {unknown}
 F - 2 potions of resistance {unknown}
 T - a potion of invisibility {unknown}
Miscellaneous
 R - a phial of floods
 S - a lightning rod (2/4)


   Skills:
 + Level 12.7 Fighting
 + Level 10.5 Dodging
 - Level 4.0 Stealth
 * Level 8.3 Unarmed Combat
 - Level 8.0 Evocations
 - Level 12.0 Shapeshifting


You had 12 spell levels left.
You didn't know any spells.
Your spell library contained the following spells:

 Spells                   Type           Power      Damage    Failure   Level
 Apportation              Tloc           0%         N/A       30%         1
 Necrotise                Necr           0%         1d4       30%         1
 Slow                     Hex            0%         N/A       30%         1
 Cigotuvi's Dreadful Rot  Necr/Pois/Air  0%         N/A       43%         2
 Ensorcelled Hibernation  Hex/Ice        0%         N/A       43%         2
 Jinxbite                 Hex            0%         N/A       43%         2
 Passwall                 Tmut/Erth      0%         N/A       43%         2
 Call Canine Familiar     Summ           0%         N/A       67%         3
 Confusing Touch          Hex            0%         N/A       67%         3
 Dazzling Flash           Conj/Hex       0%         N/A       67%         3
 Gell's Gravitas          Tloc           0%         N/A       67%         3
 Ignite Poison            Fire/Tmut/Pois 0%         N/A       67%         3
 Mephitic Cloud           Conj/Pois/Air  0%         N/A       67%         3
 Sigil of Binding         Hex            0%         N/A       67%         3
 Swiftness                Air            0%         N/A       67%         3
 Tukima's Dance           Hex            0%         N/A       67%         3
 Vampiric Draining        Necr           0%         2d6       67%         3
 Airstrike                Air            0%         2d(0-16)  97%         4
 Dimensional Bullseye     Hex/Tloc       0%         N/A       97%         4
 Leda's Liquefaction      Hex/Erth       0%         N/A       97%         4
 Agony                    Necr           0%         N/A       100%        5
 Alistair's Intoxication  Tmut/Pois      0%         N/A       100%        5
 Arcjolt                  Conj/Air       0%         1d10      100%        5
 Freezing Cloud           Conj/Ice/Air   0%         6-21      100%        5
 Haunt                    Necr/Summ      0%         N/A       100%        7
 Disjunction              Tloc           0%         N/A       100%        8


Dungeon Overview and Level Annotations

Branches:
Dungeon (12/15)            Temple (1/1) D:5            Lair (4/5) D:10
 Shoals (0/4) Lair:3       Spider (0/4) Lair:2       Bailey (visited)
  Slime: Lair:4-5       Orc: D:9-12

Altars:
Ashenzari
Cheibriados
Dithmenos
Elyvilon
Fedhas
Gozag
Hepliaklqana
Kikubaaqudgha
Makhleb
Nemelex Xobeh
Okawaru
Qazlal
Ru
Sif Muna
Trog
Uskayaw
Vehumet
Wu Jian
Xom
Yredelemnul
Zin
The Shining One

Shops:
D:5 =   Lair:1 [*!

Annotations:
D:4 1 runed translucent door, ogre, Vontreibholz's ghost, amateur HOFi
D:5 exclusion: water moccasin
D:8 exclusion: hornet
D:12 Sonja
Temple 2 transporters
Lair:2 1 exclusion
Lair:3 exclusion: 2 doors
Lair:4 Snorg


Innate Abilities, Weirdness & Mutations

You have blades for main tentacles.
You are incapable of wielding weapons or throwing items.
You cannot wear most types of armour.
You are amphibious.
You can wear up to eight rings at the same time.
Your skin changes colour to match your surroundings (Stealth+).
Your rubbery body absorbs attacks. (AC +1, EV +1)
((You are camouflaged when in or above water. (Stealth+)))
You have tentacles for arms and can constrict up to eight enemies at once.


Message History

There is a stone staircase leading up, spattered with blood here.
You can't do that in your present form.
Unknown command.
Okay, then.
You swing at nothing.
Aiming: Thunderbolt
Press: ? - help, Shift-Dir - straight line, f - you
Okay, then.
Aiming: Mindburst
Press: ? - help, Shift-Dir - straight line, f - Snorg
Aim: Snorg (wandering, hasn't noticed you, chance to affect: 60%) Snorg's mind is blasted!
Aiming: Mindburst
Press: ? - help, Shift-Dir - straight line, f/p - Snorg
Aim: Snorg (lightly wounded, chance to affect: 60%) Snorg's mind is blasted!!
Okay, then.
Aiming: Thunderbolt
Press: ? - help, Shift-Dir - straight line, f/p - Snorg
Aim: Snorg (heavily wounded)
The thunderbolt hits Snorg!!
Snorg is severely wounded.
You hear an angry hiss.
Okay, then.
You slice Snorg!! You slash Snorg. You squeeze Snorg.
Snorg is almost dead.
Snorg goes berserk!
You barely miss Snorg. Your squeeze misses Snorg.
Snorg is almost dead.
Snorg bites you! Snorg claws you! Snorg claws you but does no damage.
You hit Snorg. You squeeze Snorg.
Snorg is almost dead.
Snorg bites you!! Snorg claws you! Snorg claws you!!
* * * LOW HITPOINT WARNING * * *
Unknown command.
You closely miss Snorg. You squeeze Snorg!
Snorg is almost dead.
Snorg misses you. Snorg claws you!!
You die...
Your body crumbles into a pile of gold.

..# #..$Y..##.# ..# ###.#####.# #
#.P #>#####.P# #.# ##. #.#
#.......## #.## #..##..
##...#..#####..# ....##
######.......## #...##
#######.....#.## #..#.#
######...##........# #...##
#..8.@#..........#.##
####....####....T#..#...##.....##
#..........#8[<.8#......Y.....##.
.......####......#..............#
##...##.##.##...#................
#.#.##.####.#'###.##..###.......
####.....###.....#.#.....###.....
#.#.##.##...#.....#.#.##..#..#...
..................#.........##...


You could see Snorg (berserk).

Vanquished Creatures
  4 hydras
  A catoblepas (Lair:3)
  A boulder beetle (Lair:1)
  A death yak (Lair:3)
  An arcanist (D:11)
  Pikel (D:6)
  12 elephants
  3 manticores
  2 merfolk sirens (Lair:3)
  2 black mambas
  9 cane toads
  6 rime drakes
  3 torpor snails (Lair:2)
  7 komodo dragons
  A polar bear (Lair:3)
  A troll (D:11)
  A hornet (D:9)
  7 dream sheep (Lair:4)
  3 culicivoras (Lair:2)
  2 wraiths
  38 yaks
  Grum (D:9)
  6 wyverns
  4 basilisks (Lair:4)
  4 vampire mosquitoes (D:11)
  A steam dragon (D:7)
  An acid dragon (D:11)
  11 water moccasins
  4 orc warriors
  2 black bears
  7 wolves
  5 phantoms
  2 centaurs
  4 lemures (D:6)
  6 kobold brigands
  Blork the orc (D:6)
  10 bullfrogs
  3 scorpions
  4 wights (D:8)
  A howler monkey (D:10)
  2 hounds
  2 jellies (D:7)
  A gnoll bouda (D:8)
  3 orc priests
  3 sleepcaps
  An iguana (D:5)
  6 orc wizards
  5 hell rats
  3 adders (D:5)
  13 gnolls
  6 ufetubi
  A dart slug (D:5)
  26 orcs
  10 endoplasms
  3 giant cockroaches (D:1)
  14 goblins
  5 hobgoblins
  4 quokkas
  8 ball pythons
  9 bats
  A frilled lizard (D:1)
  35 kobolds
  6 rats
350 creatures vanquished.

Notes
Turn   | Place    | Note
-------+----------+-------------------------------------------
     0 | D:1      | MacCMillion the Octopode Shapeshifter began the quest for
                  | the Orb.
     0 | D:1      | Reached XP level 1. HP: 13/13 MP: 1/1
   112 | D:1      | Reached XP level 2. HP: 18/18 MP: 2/2
   433 | D:1      | Reached XP level 3. HP: 18/24 MP: 3/3
   528 | D:1      | Found a faded altar of an unknown god.
  2357 | D:3      | Identified the staff of Skirmishing {rN++ Will- Str+4
                  | Earth}
  3300 | D:4      | Found a runed translucent door.
  3300 | D:4      | Noticed Vontreibholz's ghost (amateur HOFi)
  3362 | D:4      | Reached XP level 4. HP: 30/30 MP: 4/4
  3540 | D:4      | Noticed a phantom
  3551 | D:4      | Killed a phantom
  3552 | D:4      | Reached XP level 5. HP: 17/36 MP: 5/5
  3651 | D:4      | Found a radiant altar of Vehumet.
  4379 | D:4      | Reached skill level 5 in Unarmed Combat
  4387 | D:4      | Reached XP level 6. HP: 22/43 MP: 6/6
  4813 | D:5      | Entered Level 5 of the Dungeon
  4989 | D:5      | Reached skill level 1 in Stealth
  5075 | D:5      | Found a staircase to the Ecumenical Temple.
  5083 | Temple   | Found a transporter.
  5083 | Temple   | Found a transporter.
  5083 | Temple   | Found a transporter.
  5083 | Temple   | Found a transporter.
  5083 | Temple   | Entered the Ecumenical Temple
  5099 | Temple   | Became a worshipper of Gozag Ym Sagoz the Greedy
  5132 | D:5      | Found a snail-covered altar of Cheibriados.
  5135 | D:5      | Noticed a water moccasin
  5147 | D:5      | Killed a water moccasin
  5148 | D:5      | Reached XP level 7. HP: 22/49 MP: 7/7
  5610 | D:5      | Reached skill level 5 in Fighting
  6077 | D:5      | Found Ysuwn's Jewellery Boutique.
  6425 | D:6      | Reached XP level 8. HP: 34/57 MP: 8/8
  6801 | D:6      | Noticed Blork the orc
  6808 | D:6      | Killed Blork the orc
  7282 | D:6      | Noticed Pikel
  7833 | D:6      | Killed Pikel
  7834 | D:6      | Reached XP level 9. HP: 42/66 MP: 9/9
  9044 | D:7      | Reached skill level 5 in Shapeshifting
  9358 | D:8      | Identified the "Failiaj"
  9400 | D:8      | Found a flagged portal.
  9427 | Bailey   | Entered a bailey
 10592 | D:8      | Noticed a hornet
 11427 | D:9      | Noticed a hornet
 11678 | D:9      | Reached XP level 10. HP: 41/72 MP: 10/10
 12416 | D:9      | Paralysed by a hornet for 3 turns
 12781 | D:9      | Found a stormy altar of Qazlal.
 12868 | D:9      | Noticed Grum
 12879 | D:9      | Killed Grum
 13464 | D:10     | Entered Level 10 of the Dungeon
 13657 | D:10     | Found a staircase to the Lair.
 14377 | D:10     | Found an ornate altar of the Wu Jian Council.
 14377 | D:10     | Found a blossoming altar of Fedhas.
 14571 | D:11     | Identified the of Gugguffa
 14571 | D:11     | Identified the "Yplin"
 14571 | D:11     | Identified the "Nokhun Xota"
 14576 | D:11     | Noticed a manticore
 14756 | D:11     | Noticed a manticore
 14758 | D:11     | Killed a manticore
 14921 | D:11     | Killed a manticore
 14922 | D:11     | Reached XP level 11. HP: 38/80 MP: 11/11
 15282 | D:11     | Reached skill level 5 in Dodging
 15436 | D:11     | Noticed an arcanist
 15510 | D:11     | Noticed an arcanist
 15513 | D:11     | Noticed an arcanist
 15516 | D:11     | Noticed a deep elf pyromancer
 15518 | D:11     | Killed an arcanist
 15519 | D:11     | Reached skill level 10 in Shapeshifting
 16709 | D:12     | Noticed Sonja
 17013 | Lair:1   | Entered Level 1 of the Lair of Beasts
 17049 | Lair:1   | Identified the blade talisman "Gudojox" {rPois}
 17589 | Lair:1   | Reached skill level 10 in Fighting
 17999 | Lair:1   | Reached skill level 1 in Evocations
 18126 | Lair:1   | Noticed a boulder beetle
 18143 | Lair:1   | Bought a scroll of blinking for 82 gold pieces
 18359 | Lair:1   | Killed a boulder beetle
 19547 | Lair:2   | Identified a scroll of acquirement
 19551 | Lair:2   | Acquired 1058 gold pieces
 20107 | Lair:1   | Reached XP level 12. HP: 61/89 MP: 12/12
 20542 | Lair:2   | Noticed an eight-headed hydra
 20923 | Lair:2   | Found a snail-covered altar of Cheibriados.
 20995 | Lair:2   | Reached skill level 5 in Evocations
 21750 | Lair:1   | Bought a lightning rod (4/4) for 440 gold pieces
 21892 | Lair:2   | Killed an eight-headed hydra
 22357 | Lair:2   | Found a hole to the Spider Nest.
 23015 | Lair:3   | Noticed a catoblepas
 23029 | Lair:3   | Killed a catoblepas
 23248 | Lair:3   | Noticed a six-headed hydra
 23294 | Lair:3   | Killed a six-headed hydra
 24741 | Lair:3   | Reached XP level 13. HP: 90/96 MP: 13/13
 25735 | Lair:3   | Found a staircase to the Shoals.
 26043 | Lair:4   | Noticed Snorg
 28947 | Lair:4   | Reached skill level 10 in Dodging
 30640 | Lair:4   | Slain by Snorg

Illustrated notes

Levels and vault maps discovered:
D:1:      zaba_arrival_water, layout_basic,
          shapermc_ecumenical_altar_mp_ritualfount
D:2:      layout_basic, serial_forest, infiniplex_forest_zigzag_2,
          infiniplex_forest_end_3, infiniplex_forest_straight_2,
          infiniplex_forest_lined_3, infiniplex_forest_clump_medium
D:3:      layout_basic, dk_vineyard_2
D:4:      layout_basic, vehumet_altar_wand_db, hellmonk_ghost_happy_afterlife
D:5:      layout_basic, mainiacjoe_overflow_surrounded_room,
          minmay_temple_entry_wispy, serial_shops, shop, st_stairs_8,
          kennysheep_dice
D:6:      layout_basic, uniq_blork_the_orc, uniq_pikel
D:7:      layout_rooms, hex_medium, nicolae_kite_square_tiling_tiny,
          chequers_arboretum, roderic_lattice_a
D:8:      layout_layer_cave, enter_bailey_5
D:9:      layout_basic, mainiacjoe_overflow_boulevard, uniq_grum
D:10:     layout_cave_pods, gammafunk_temple_overflow_wave, lair_entry_dummy
D:11:     layout_loops_ring, bh_hangedman_babel_library
D:12:     layout_cave_pools, orc_david_3, serial_glass, glass_columns_a,
          glass_columns_b, glass_columns_a, glass_columns_a, glass_columns_b,
          glass_columns_b, minmay_misc_feat_cross, minivault_5,
          nicolae_elyvilon_temple_path, uniq_sonja, uniq_erolcha
Temple:   hellmonk_temple_divided_pantheon
Lair:1:   layout_misc_corridors
Lair:2:   layout_small_grid, nicolae_spider_entry_tight_spaces,
          kennysheep_snail_temple
Lair:3:   layout_chaotic_city, elwin_shoals_entry_rooms
Lair:4:   layout_loops_ring, special_room [special_room_mythical_zoo],
          grunt_megastairs_1, uniq_snorg

Skill      XL: |  1  2  3  4  5  6  7  8  9 10 11 12 13 |
---------------+----------------------------------------+-----
Fighting       | 2 3 4 5 8 9 10 11 12 | 12.7
Unarmed Combat | 4 5 6 8 |  8.3
Stealth        | 2 4 |  4.0
Shapeshifting  | 8 9 10 11 12 | 12.0
Dodging        | 4 7 8 10 | 10.5
Evocations     | 3 6 8 |  8.0

Action                     |  1- 3 |  4- 6 |  7- 9 | 10-12 | 13-15 || total
---------------------------+-------+-------+-------+-------+-------++-------
  Melee: Unarmed           |   200 |    59 |   260 |   446 |   184 ||  1149
         Constrict         |    24 |    12 |    59 |    51 |    21 ||   167
         Tentacles         |    58 |    14 |    75 |    85 |    65 ||   297
         Punch             |     6 |     4 |    10 |    11 |    21 ||    52
         Maw               |       |       |       |     1 |       ||     1
  Throw: Dart              |       |       |       |     6 |       ||     6
 Invoke: Call Merchant     |       |       |       |     3 |       ||     3
         Potion Petition   |       |       |       |       |     1 ||     1
  Evoke: Lightning rod     |       |       |       |     5 |     6 ||    11
         Wand              |       |       |       |     2 |     6 ||     8
         Phial of floods   |       |       |       |     1 |       ||     1
    Use: Scroll            |     2 |       |     6 |     8 |     2 ||    18
         Potion            |       |       |       |     2 |     3 ||     5
   Stab: Sleeping          |     7 |     1 |     1 |     7 |     1 ||    17
         Distracted        |       |       |     3 |       |     1 ||     4
 Armour: Skin              |    20 |    24 |   134 |   242 |   127 ||   547
  Dodge: Dodged            |    53 |    20 |   166 |   229 |   114 ||   582
   Form: Anaconda          |       |       |       |     2 |       ||     2
         Beast             |       |       |       |     1 |       ||     1
         Blade             |       |       |       |     2 |       ||     2
         Maw               |       |       |       |     1 |       ||     1

Table legend: (Time is in decaauts)
 A = Elapsed time spent in this place.
 B = Non-inter-level travel time spent in this place.
 C = Inter-level travel time spent in this place.
 D = Time resting spent in this place.
 E = Time spent auto-exploring this place.
 F = Levels seen in this place.
 G = Mean time per level.
                   A        B        C        D        E       F      G
               +--------+--------+--------+--------+--------+-----+--------+
         Total |  30525 |  29344 |   1181 |  13703 |  10091 |  18 | 1695.8 |
       Dungeon |  16991 |  16394 |    597 |   5976 |   7571 |  12 | 1415.9 |
        Temple |    122 |    115 |      7 |     89 |      0 |   1 |  122.0 |
          Lair |  13241 |  12664 |    577 |   7601 |   2483 |   4 | 3310.2 |
        Bailey |    170 |    170 |      0 |     37 |     37 |   1 |  170.0 |
               +--------+--------+--------+--------+--------+-----+--------+

Top non-repeatable levels by time:
  Lair:3: 4545 daAuts
  Lair:4: 3013 daAuts
  Lair:1: 3002 daAuts
  Lair:2: 2680 daAuts
     D:8: 2288 daAuts
    D:10: 2009 daAuts
    D:11: 1831 daAuts
     D:6: 1606 daAuts
     D:2: 1503 daAuts
     D:5: 1457 daAuts
     D:4: 1457 daAuts
     D:9: 1453 daAuts
     D:3: 1372 daAuts
     D:7: 1286 daAuts
     D:1: 714 daAuts
